 Dungeon Crawl Stone Soup version 0.30-a0-719-gcc4359ea44 (webtiles) character file.

Game seed: 5082861647729039943

270 Chiseanne the Magician (level 6, 40/41 HPs)
             Began as a Demonspawn Hedge Wizard on Jan 26, 2023.
             Quit the game in a sewer.
             The game lasted 00:09:20 (4323 turns).

Chiseanne the Magician (Demonspawn Hedge Wizard)    Turns: 4323, Time: 00:09:20

Health: 40/41      AC:  4    Str: 16    XL:     6   Next: 1%
Magic:  7/12       EV: 11    Int: 18    God:
Gold:   120        SH:  5    Dex: 12    Spells: 4/13 levels left

rFire   . . .      SeeInvis .    a - +3 club (spect)
rCold   . . .      Faith    .    f - +1 buckler {rN+}
rNeg    + . .      Spirit   .    b - +0 robe
rPois   .          Reflect  .    p - +0 helmet
rElec   .          Harm     .    (no cloak)
rCorr   .          Rampage  .    u - +0 pair of gloves
Will    .....                    (no boots)
Stlth   ++                       (no amulet)
HPRegen 0.26/turn                n - +6 ring of strength
MPRegen 0.13/turn                (no ring)

@: no status effects
A: claws 1, sanguine armour 1
a: no special abilities


You were in a sewer.
You visited 1 branch of the dungeon, and saw 4 of its levels.
You also visited: Sewer.

You collected 120 gold pieces.

Inventory:

Hand Weapons
 a - a +3 spectral club (weapon)
 s - a +1 short sword
Missiles
 e - 23 stones
 h - 5 curare-tipped darts (quivered)
 i - 13 poisoned darts
 o - 4 javelins
 q - 5 boomerangs
Armour
 b - a +0 robe (worn)
 f - a +1 buckler of positive energy (worn)
 p - a +0 helmet (worn)
 u - a +0 pair of gloves (worn)
Magical Staves
 y - a staff of poison
Jewellery
 n - a +6 ring of strength (left hand)
Scrolls
 k - 3 scrolls of teleportation
Potions
 c - a potion of ambrosia {unknown}
 d - a potion of magic
 g - a potion of heal wounds
 l - a potion of flight {unknown}
 m - 2 potions of invisibility {unknown}
 v - a potion of curing {unknown}


   Skills:
 - Level 1.7 Dodging
 - Level 1.7 Stealth
 * Level 1.7 Shields
 * Level 4.1 Spellcasting
 * Level 3.1 Conjurations
 - Level 1.0 Summonings
 - Level 0.8 Translocations
 * Level 2.8 Air Magic


You had 4 spell levels left.
You knew the following spells:

 Your Spells              Type           Power      Damage    Failure   Level
a - Magic Dart            Conj           60%        1d6       5%          1
b - Stone Arrow           Conj/Erth      18%        3d8       30%         3
d - Mephitic Cloud        Conj/Pois/Air  10%        N/A       26%         3
h - Blink                 Tloc           12%        N/A       21%         2

Your spell library contained the following spells:

 Spells                   Type           Power      Damage    Failure   Level
 Sandblast                Erth           6%         2d5       19%         1
 Slow                     Hex            12%        N/A       19%         1
 Call Imp                 Summ           7%         N/A       19%         2
 Cigotuvi's Dreadful Rot  Necr/Pois/Air  14%        N/A       21%         2
 Passwall                 Tmut/Erth      2%         N/A       28%         2


Dungeon Overview and Level Annotations

Branches:
Dungeon (4/15)              Sewer (1/1)
 Temple: D:4-7

Altars:
Makhleb
Ru
Yredelemnul

Annotations:
D:2 Sigmund


Innate Abilities, Weirdness & Mutations

You have sharp fingernails.
When seriously injured, your blood forms armour. (AC +0)


Message History

Okay, then.
You enter the shallow water.
Moving in this stuff is going to be slow.
A quokka comes into view.
An adder comes into view.
The adder hisses angrily.
Casting: Magic Dart (safe; 5% risk of failure)
Confirm with . or Enter, or press ? or * to list all spells.
Aiming: Magic Dart (safe; 5% risk of failure)
Press: ? - help, Shift-Dir - straight line, f - adder
Aim: an adder (100% to hit)
The magic dart hits the adder but does no damage.
The adder bites you. The adder bites you but does no damage.
Casting: Magic Dart (safe; 5% risk of failure)
Confirm with . or Enter, or press ? or * to list all spells.
Aiming: Magic Dart (safe; 5% risk of failure)
Press: ? - help, Shift-Dir - straight line, f/p - adder
Aim: an adder (100% to hit)
The magic dart hits the adder.
The adder is moderately wounded.
The adder barely misses you.
Casting: Magic Dart (safe; 5% risk of failure)
Confirm with . or Enter, or press ? or * to list all spells.
Aiming: Magic Dart (safe; 5% risk of failure)
Press: ? - help, Shift-Dir - straight line, f/p - adder
Aim: an adder (moderately wounded, 100% to hit)
The magic dart hits the adder.
The adder is severely wounded.
The adder barely misses you.
Casting: Magic Dart (safe; 5% risk of failure)
Confirm with . or Enter, or press ? or * to list all spells.
Aiming: Magic Dart (safe; 5% risk of failure)
Press: ? - help, Shift-Dir - straight line, f/p - adder
Aim: an adder (severely wounded, 100% to hit)
The magic dart hits the adder.
You kill the adder!
You have reached level 6!
Your demonic ancestry asserts itself...
Your fingernails lengthen.
Are you sure you want to abandon this character and quit the game? (Confirm with "yes".)

#~~#~##
#~~#~#
#~~#.#
#~.#~#
#~~#~###
#.~#~..#
##.##~~#
#.~#~~##
#∩.#@~~#
#..##†~#
##†.#~~~#
~~#~.~r#
#∩##.~.~~
## #~~~~~
#~~.~
##~~


You could see a quokka.

Vanquished Creatures
  3 orc priests (D:4)
  An orc wizard (D:4)
  Robin (D:2)
  6 adders
  A worm (D:3)
  3 dart slugs
  An orc (D:4)
  10 ball pythons
  7 endoplasms
  2 giant cockroaches
  15 goblins
  9 hobgoblins
  5 jackals
  3 quokkas
  5 bats
  A frilled lizard (D:2)
  5 kobolds
  4 rats
82 creatures vanquished.

Vanquished Creatures (others)
  A fungus (D:2)
  8 plants (D:2)
9 creatures vanquished.

Grand Total: 91 creatures vanquished

Notes
Turn   | Place    | Note
-------+----------+-------------------------------------------
     0 | D:1      | Chiseanne the Demonspawn Hedge Wizard began the quest for
                  | the Orb.
     0 | D:1      | Reached XP level 1. HP: 13/13 MP: 4/4
   325 | D:1      | Gained mutation: When seriously injured, your blood forms
                  | armour. (AC +0) [demonic ancestry]
   325 | D:1      | Reached XP level 2. HP: 19/19 MP: 0/6
  1041 | D:1      | Reached XP level 3. HP: 20/24 MP: 1/8
  1557 | D:1      | Learned a level 2 spell: Blink
  1561 | D:1      | Learned a level 3 spell: Mephitic Cloud
  1592 | D:2      | Noticed Sigmund
  2036 | D:2      | Noticed Robin
  2191 | D:2      | Reached skill level 1 in Air Magic
  2355 | D:2      | Found a basalt altar of Yredelemnul.
  2472 | D:2      | Killed Robin
  2479 | D:2      | Reached XP level 4. HP: 30/30 MP: 2/9
  2652 | D:2      | Found a faded altar of an unknown god.
  3435 | D:3      | Found a basalt altar of Yredelemnul.
  3437 | D:3      | Found a burning altar of Makhleb.
  3670 | D:3      | Found a sacrificial altar of Ru.
  3742 | D:4      | Learned a level 3 spell: Stone Arrow
  3941 | D:4      | Reached XP level 5. HP: 25/35 MP: 10/10
  3943 | D:4      | Reached skill level 1 in Shields
  3947 | D:4      | Reached skill level 4 in Spellcasting
  4088 | D:4      | Found a glowing drain.
  4148 | Sewer    | Entered a sewer
  4323 | Sewer    | Gained mutation: You have sharp fingernails. [demonic
                  | ancestry]
  4323 | Sewer    | Reached XP level 6. HP: 40/41 MP: 7/12
  4323 | Sewer    | Quit the game

Illustrated notes

Levels and vault maps discovered:
D:1:      dpeg_arrival_water_fire, layout_basic, minmay_ruptured
D:2:      layout_loops_ring, basic_altar, shapermc_ecumenical_altar_hornbeckon,
          uniq_sigmund, uniq_robin
D:3:      layout_loops_ring, nicolae_overflow_hidden_temple
D:4:      layout_basic, gup_sewer_entry_glass
Sewer:    sewer_frog_island_02

Skill      XL: |  1  2  3  4  5 |
---------------+----------------+-----
Conjurations   | 2 3 |  3.1
Air Magic      | 1 2 |  2.8
Shields        | 1 |  1.7
Spellcasting   | 4 |  4.1
Dodging        | |  1.7
Stealth        | |  1.7
Summonings     | |  1.0
Translocations | |  0.8

Action                     |  1- 3 |  4- 6 || total
---------------------------+-------+-------++-------
  Melee: Dagger            |     1 |       ||     1
         Short sword       |     9 |     8 ||    17
         Club              |       |    47 ||    47
  Throw: Dart              |     2 |     1 ||     3
   Cast: Magic Dart        |   100 |    64 ||   164
         Mephitic Cloud    |     1 |       ||     1
    Use: Scroll            |     7 |     3 ||    10
         Potion            |       |     1 ||     1
   Stab: Sleeping          |     1 |       ||     1
 Armour: Robe              |     6 |    18 ||    24
  Dodge: Dodged            |    11 |    34 ||    45
  Block: Buckler           |       |    10 ||    10

Table legend: (Time is in decaauts)
 A = Elapsed time spent in this place.
 B = Non-inter-level travel time spent in this place.
 C = Inter-level travel time spent in this place.
 D = Time resting spent in this place.
 E = Time spent auto-exploring this place.
 F = Levels seen in this place.
 G = Mean time per level.
                   A        B        C        D        E       F      G
               +--------+--------+--------+--------+--------+-----+--------+
         Total |   4348 |   4099 |    249 |    886 |   2472 |   5 |  869.6 |
       Dungeon |   4165 |   3916 |    249 |    750 |   2472 |   4 | 1041.2 |
         Sewer |    182 |    182 |      0 |    136 |      0 |   1 |  182.0 |
               +--------+--------+--------+--------+--------+-----+--------+

Top non-repeatable levels by time:
     D:1: 1734 daAuts
     D:2: 1115 daAuts
     D:3: 884 daAuts
     D:4: 431 daAuts
   Sewer: 182 daAuts
